 Dungeon Crawl Stone Soup version 0.19-a0-1532-g228a5d9 (webtiles) character file.

6575 epen the Martial Artist (level 11, 0/86 HPs)
             Began as a Merfolk Monk on Sept 13, 2016.
             Was a Priest of Cheibriados.
             Killed by vampiric draining
             ... invoked by a vampire
              (13 damage)
             ... on level 10 of the Dungeon.
             The game lasted 00:18:06 (10733 turns).

epen the Martial Artist (Merfolk Monk)             Turns: 10733, Time: 00:18:07

Health: 0/86       AC: 12    Str: 20    XL:     11   Next: 1%
Magic:  18/18      EV: 18    Int: 18    God:    Cheibriados [***...]
Gold:   396        SH:  0    Dex: 27    Spells: 2 memorised, 16 levels left

rFire  . . .     SeeInvis .       - Unarmed
rCold  . . .     Gourm    .     Q - +3 scale mail
rNeg   . . .     Faith    .     (no shield)
rPois  +         Spirit   .     (no helmet)
rElec  .         Dismiss  .     R - +2 cloak
rCorr  .         Reflect  .     (no gloves)
MR     .....     Harm     .     (no boots)
Stlth  +.........               (no amulet)
                                f - ring of wizardry
                                S - ring of poison resistance

@: very slightly contaminated, repel missiles, very slow
A: change form in water, swift swim, stealthy swim
a: Bend Time, Temporal Distortion, Renounce Religion


You were on level 10 of the Dungeon.
You worshipped Cheibriados.
Cheibriados was most pleased with you.
You were not hungry.

You visited 1 branch of the dungeon, and saw 10 of its levels.

You collected 396 gold pieces.

Inventory:

Missiles
 x - 2 throwing nets (quivered)
Armour
 a - a +1 robe
 q - a +1 ring mail of poison resistance
 Q - a +3 scale mail (worn)
 R - a +2 cloak (worn)
Jewellery
 f - a ring of wizardry (right hand)
 m - an uncursed ring of flight
 O - an uncursed ring of protection from magic
 S - a ring of poison resistance (left hand)
Wands
 w - a wand of paralysis (24/24)
 y - a wand of lightning (9/15)
 P - a wand of disintegration (10/24)
Scrolls
 e - a scroll of enchant weapon
 i - 3 scrolls of magic mapping
 l - 2 scrolls of enchant armour
 n - 2 scrolls of amnesia
 p - 7 scrolls of remove curse
 E - 2 scrolls of fear
 J - a scroll of recharging
Potions
 d - a potion of berserk rage
 h - 5 potions of curing
 k - a potion of ambrosia
 o - a potion of mutation {unknown}
 r - 2 potions of cure mutation {unknown}
 s - a potion of flight {unknown}
 u - a potion of heal wounds {unknown}
 v - 2 potions of cancellation
 B - a potion of invisibility
 C - 2 potions of might
 D - 2 potions of brilliance
 F - a potion of resistance {unknown}
 G - 2 potions of agility {unknown}
 K - 2 potions of lignification {unknown}
Books
 A - a book of Spatial Translocations

   Spells                             Type                      Level
   a - Apportation                    Translocation                1
   b - Blink                          Translocation                2
   c - Shroud of Golubria             Charms/Translocation         2
   d - Portal Projectile              Translocation                3
   e - Teleport Other                 Translocation                3
   f - Passage of Golubria            Translocation                4
 H - a book of Party Tricks

   Spells                             Type                      Level
   a - Summon Butterflies             Summoning                    1
   b - Apportation                    Translocation                1
   c - Tukima's Dance                 Hexes                        3
   d - Alistair's Intoxication        Transmutation/Poison         5
   e - Invisibility                   Hexes                        6
 L - a book of Air

   Spells                             Type                      Level
   a - Shock                          Conjuration/Air              1
   b - Swiftness                      Charms/Air                   2
   c - Repel Missiles                 Charms/Air                   2
   d - Static Discharge               Conjuration/Air              3
   e - Lightning Bolt                 Conjuration/Air              5
Comestibles
 b - 11 bread rations
 g - 2 beef jerkies
 j - 2 fruits
 t - 5 meat rations
 z - a chunk of flesh
 M - a royal jelly
 N - a slice of pizza


   Skills:
 + Level 7.9 Fighting
 + Level 9.0 Dodging
 - Level 2.1 Stealth
 * Level 10.4 Unarmed Combat
 + Level 5.1 Spellcasting
 + Level 4.5 Translocations
 * Level 6.6 Invocations


You had 16 spell levels left.
You knew the following spells:

 Your Spells              Type           Power        Failure   Level  Hunger
a - Blink                 Tloc           N/A          4%          2    #......
b - Repel Missiles        Chrm/Air       #.....       36%         2    #......


Dungeon Overview and Level Annotations

Branches:
Dungeon (10/15)            Temple (0/1) D:7             Orc (0/2) D:9
   Lair: D:8-11

Altars:
Cheibriados
Elyvilon
Fedhas
Makhleb
Qazlal
Ru
Sif Muna

Shops:
D:5 (


Message History

Blink to where?
Press: ? - help, Dir - move target cursor You are very lightly contaminated with residual magic.
As you read the scroll of blinking, it crumbles to dust.
The vampire mumbles some strange words.
The vampire flickers and vanishes!
You hit something but do no damage. Something closely misses you.
Something bites you.
* * * LOW HITPOINT WARNING * * *
Something draws strength from your injuries!
You hit something but do no damage. You punch something!
Your punch misses something. Something closely misses you. Something bites you.
* * * LOW HITPOINT WARNING * * *
Something draws strength from your injuries!
You punch something! Something hits you.
* * * LOW HITPOINT WARNING * * *
Something bites you but does no damage.
You punch something!
Unholy energy fills the air.
You die...

#.# #.# #.# #.#
################.#
.................#
################.#
#.# #@# #.# #.#
###############.#
................#
........{...[...#
................#
≈....##########.#
§≈... #.#


There were no monsters in sight!

Vanquished Creatures
  Pikel (D:7)
  An ugly thing (D:9)
  A two-headed ogre (D:9)
  A spriggan (D:7)
  A wraith (D:9)
  3 yaks (D:8)
  A hill giant zombie (D:9)
  A hungry ghost (D:9)
  4 orc warriors
  An ice beast (D:7)
  A black bear (D:6)
  4 ogres
  2 phantoms
  7 centaurs
  A crocodile (D:9)
  2 big kobolds
  9 giant frogs
  2 scorpions
  3 troll zombies (D:9)
  4 wights (D:9)
  A howler monkey (D:6)
  2 centaur zombies
  A crimson imp (D:9)
  2 jellies
  A quasit (D:10)
  A giant frog skeleton (D:5)
  2 giant frog zombies
  4 hounds
  Crazy Yiuf (D:7)
  3 orc priests
  3 orc wizards
  3 iguanas
  8 worker ants
  4 ogre zombies (D:9)
  A worker ant zombie (D:7)
  9 gnolls
  A howler monkey skeleton (D:9)
  16 adders
  3 shadow imps
  4 oozes
  2 adder zombies
  An adder skeleton (D:4)
  A worm (D:2)
  A dart slug (D:3)
  8 giant geckos
  31 orcs
  6 giant cockroaches
  10 goblins
  10 hobgoblins
  3 jackals (D:4)
  2 quokkas
  6 bats
  3 giant newts
  A goblin skeleton (D:9)
  A hobgoblin skeleton (D:9)
  15 kobolds
  An orc skeleton (D:9)
  22 orc zombies (D:9)
  A quokka zombie (D:6)
  6 rats
251 creatures vanquished.

Vanquished Creatures (others)
  A giant cockroach (D:7)
  3 plants (D:7)
4 creatures vanquished.

Grand Total: 255 creatures vanquished

Notes
Turn   | Place    | Note
-------+----------+-------------------------------------------
     0 | D:1      | epen the Merfolk Monk began the quest for the Orb.
     0 | D:1      | Reached XP level 1. HP: 18/18 MP: 1/1
   226 | D:1      | Reached XP level 2. HP: 13/24 MP: 2/2
   835 | D:2      | Found a stormy altar of Qazlal.
   974 | D:2      | Reached skill level 4 in Unarmed Combat
   986 | D:2      | Reached XP level 3. HP: 18/30 MP: 3/3
  1866 | D:2      | Reached XP level 4. HP: 30/37 MP: 4/4
  2299 | D:2      | You fall through a shaft!
  2457 | D:3      | Learned a level 2 spell: Blink
  3048 | D:3      | Reached XP level 5. HP: 35/43 MP: 5/5
  3182 | D:3      | Reached skill level 5 in Unarmed Combat
  3279 | D:4      | Reached skill level 1 in Spellcasting
  3678 | D:4      | Noticed an ogre
  3694 | D:4      | Killed an ogre
  3694 | D:4      | Reached skill level 5 in Dodging
  3694 | D:4      | Reached XP level 6. HP: 41/49 MP: 6/8
  3912 | D:4      | Reached skill level 1 in Translocations
  4380 | D:4      | Reached skill level 5 in Fighting
  4665 | D:5      | Entered Level 5 of the Dungeon
  4726 | D:5      | Reached skill level 6 in Unarmed Combat
  4726 | D:5      | Reached XP level 7. HP: 49/56 MP: 9/9
  5358 | D:5      | Found Xastrocukk's Weapon Shop.
  5490 | D:5      | Reached XP level 8. HP: 39/63 MP: 11/11
  5785 | D:6      | Reached skill level 7 in Unarmed Combat
  6368 | D:6      | Found a stormy altar of Qazlal.
  6406 | D:6      | Found a snail-covered altar of Cheibriados.
  6406 | D:6      | Found a white marble altar of Elyvilon.
  6426 | D:6      | Became a worshipper of Cheibriados the Contemplative
  6426 | D:6      | Reached * piety under Cheibriados
  6426 | D:6      | Reached ** piety under Cheibriados
  6594 | D:6      | Found a sacrificial altar of Ru.
  6791 | D:7      | Reached skill level 8 in Unarmed Combat
  6827 | D:7      | Reached XP level 9. HP: 71/71 MP: 14/14
  6851 | D:7      | Found a staircase to the Ecumenical Temple.
  6877 | D:7      | Reached skill level 1 in Invocations
  7405 | D:7      | Learned a level 2 spell: Repel Missiles
  7490 | D:7      | Reached *** piety under Cheibriados
  7521 | D:7      | Found a runed door.
  7568 | D:7      | Noticed Crazy Yiuf
  7581 | D:7      | Killed Crazy Yiuf
  7804 | D:7      | Noticed Pikel
  7819 | D:7      | Killed Pikel
  7819 | D:7      | Reached skill level 9 in Unarmed Combat
  7898 | D:7      | Found a burning altar of Makhleb.
  7898 | D:7      | Found a deep blue altar of Sif Muna.
  8011 | D:8      | Found a blossoming altar of Fedhas.
  8039 | D:8      | Reached XP level 10. HP: 50/79 MP: 16/16
  9001 | D:9      | Found a white marble altar of Elyvilon.
  9064 | D:9      | Found a staircase to the Orcish Mines.
  9075 | D:9      | Reached **** piety under Cheibriados
  9079 | D:9      | Reached skill level 5 in Invocations
 10013 | D:9      | Reached skill level 10 in Unarmed Combat
 10150 | D:9      | Noticed a purple ugly thing
 10163 | D:9      | Killed a purple ugly thing
 10163 | D:9      | Reached skill level 5 in Spellcasting
 10512 | D:9      | Reached XP level 11. HP: 86/86 MP: 18/18
 10619 | D:10     | Entered Level 10 of the Dungeon
 10733 | D:10     | Killed from afar by a vampire

Vault maps used:
D:1:      dpeg_arrival_leaves_temple_mockup, wad_floor_pattern_untrapped
D:2:      grunt_qazlal_sundering
D:4:      first_bread
D:5:      serial_shops, kennysheep_mini_moat
D:6:      nicolae_overflow_quartered_altars
D:7:      gammafunk_temple_overflow_wave, the_bakery, kennysheep_boxes,
          uniq_pikel, uniq_crazy_yiuf_cottage
D:8:      basic_altar
D:9:      minmay_bloctagon_deflated, zombieorc2_lemuel, basic_altar
D:10:     minmay_lair_entry_lava, okawaru_metal_pillars_3

Skill      XL: |  1  2  3  4  5  6  7  8  9 10 |
---------------+-------------------------------+-----
Unarmed Combat | 4 5 6 8 9 10 | 10.4
Fighting       | 4 5 6 7 |  7.9
Spellcasting   | 1 2 3 4 5 |  5.1
Dodging        | 5 6 7 8 9 |  9.0
Translocations | 1 2 3 4 |  4.5
Invocations    | 4 6 |  6.6
Stealth        | |  2.1

Action                   |  1- 3 |  4- 6 |  7- 9 | 10-12 || total
-------------------------+-------+-------+-------+-------++-------
Melee: Unarmed           |   130 |   257 |   396 |   356 ||  1139
       Punch             |     4 |     5 |    12 |    30 ||    51
 Cast: Repel Missiles    |       |       |     1 |     1 ||     2
Invok: Slouch            |       |       |       |     4 ||     4
  Use: Scroll            |       |    10 |     4 |    11 ||    25
       Potion            |       |       |       |     4 ||     4
 Stab: Sleeping          |     5 |     3 |     1 |       ||     9
       Distracted        |     1 |     1 |     1 |     1 ||     4
  Eat: Chunk             |     3 |     9 |     6 |     7 ||    25
       Royal jelly       |       |       |     1 |       ||     1
Armor: Robe              |     8 |    15 |       |       ||    23
       Ring mail         |       |    24 |    49 |       ||    73
       Scale mail        |       |       |     9 |    90 ||    99
Dodge: Dodged            |    75 |   173 |   270 |   267 ||   785
       Deflected         |       |       |     1 |     2 ||     3
